 Dungeon Crawl Stone Soup version 0.21.1-1-g345015f (console) character file.

202 fly the Chiller (level 5, -1/36 HPs)
             Began as an Octopode Ice Elementalist on May 7, 2018.
             Slain by a hippogriff (6 damage)
             ... on level 3 of the Dungeon.
             The game lasted 00:04:18 (2413 turns).

fly the Chiller (Octopode Ice Elementalist)         Turns: 2413, Time: 00:04:19

Health: -1/36      AC:  6    Str:  8    XL:     5   Next: 80%
Magic:  6/9        EV: 14    Int: 18    God:
Gold:   36         SH:  0    Dex: 12    Spells: 2/10 levels left

rFire    + . .     SeeInvis .   a - +2 dagger (venom)
rCold    . . .     Gourm    .   (no shield)
rNeg     . . .     Faith    .   (helmet restricted)
rPois    .         Spirit   .   (no amulet)
rElec    .         Reflect  .   e - ring of protection from fire
rCorr    .         Harm     .   (no ring)
MR       .....                  (no ring)
Stlth    +++.......             (no ring)
HPRegen  0.12/turn              (no ring)
MPRegen  0.11/turn              (no ring)
                                (no ring)
                                (no ring)

@: icy armour, slow
A: almost no armour, stealthy swim, amphibious, 8 rings, constrict 8, camouflage
1, gelatinous body 1
a: no special abilities


You were on level 3 of the Dungeon.
You were very hungry.

You visited 1 branch of the dungeon, and saw 3 of its levels.

You collected 36 gold pieces.

Inventory:

Hand Weapons
 a - a +2 dagger of venom (weapon)
Jewellery
 e - a ring of protection from fire (left tentacle)
Scrolls
 g - 2 scrolls of enchant weapon
 j - 2 scrolls of amnesia
 k - 2 scrolls of teleportation {unknown}
 l - a scroll of magic mapping {unknown}
Potions
 c - a potion of lignification {unknown}
 f - a potion of mutation {unknown}
 i - 2 potions of heal wounds
 m - a potion of curing {unknown}
Books
 h - a book of Frost

   Spells                             Type                      Level
   a - Freeze                         Ice                          1
   b - Throw Frost                    Conjuration/Ice              2
   c - Ozocubu's Armour               Charms/Ice                   3
   d - Throw Icicle                   Conjuration/Ice              4
   e - Summon Ice Beast               Ice/Summoning                4
Comestibles
 b - 7 rations


   Skills:
 - Level 3.0 Fighting
 - Level 3.0 Dodging
 - Level 2.6 Stealth
 + Level 3.0 Spellcasting
 - Level 1.0 Conjurations
 - Level 4.0 Ice Magic


You had 2 spell levels left.
You knew the following spells:

 Your Spells              Type           Power        Failure   Level  Hunger
f - Ozocubu's Armour      Chrm/Ice       #.......     22%         3    ###....
t - Throw Icicle          Conj/Ice       ##......     50%         4    ####...
z - Freeze                Ice            ###.         3%          1    None


Dungeon Overview and Level Annotations

Branches:
Dungeon (3/15)

Altars:
Fedhas

Annotations:
D:3 Grinder


Innate Abilities, Weirdness & Mutations

You cannot wear most types of armour.
You are very stealthy in the water. (Stealth+)
You are amphibious.
You can wear up to eight rings at the same time.
You can use your tentacles to constrict eight enemies at once.
Your skin changes colour to match your surroundings (Stealth+).
Your rubbery body absorbs attacks. (AC +1, EV +1)


Message History

A hippogriff comes into view.
The hippogriff screeches!
Casting: Freeze
Confirm with . or Enter, or press ? or * to list all spells.
A film of ice covers your body!
You are feeling very hungry.
You barely miss the hippogriff. Your squeeze misses the hippogriff.
The hippogriff misses you. The hippogriff pecks you. The hippogriff claws you.
You hit the hippogriff but do no damage.
The hippogriff closely misses you. x2; The hippogriff completely misses you.
You hit the hippogriff.
The hippogriff is lightly wounded.
The hippogriff bites you. The hippogriff pecks you.
The hippogriff barely misses you.
You hit the hippogriff.
The hippogriff is lightly wounded.
The hippogriff bites you!
* * * LOW HITPOINT WARNING * * *
The hippogriff barely misses you. The hippogriff claws you.
You die...

# ####### #.####.......
#.#..........
#....@H......
###.##.[..#### ##.##.#.#.#
#.# ..####.....#
##.##.#######
.......#.#.#.............#
..###.........# #.#......
#.#.##.###.# #.#.###.#
#.#)##..#. #.#.# #.#
#.#.##...#####.#)###.#


You could see a hippogriff.

Vanquished Creatures
  A jelly (D:3)
  2 orc priests (D:3)
  Jessica (D:3)
  3 adders
  A worm (D:3)
  2 leopard geckos
  2 orcs
  3 giant cockroaches
  6 hobgoblins
  2 jackals (D:2)
  13 bats
  3 frilled lizards
  11 kobolds
  7 rats
57 creatures vanquished.

Notes
Turn   | Place    | Note
-------+----------+-------------------------------------------
     0 | D:1      | fly the Octopode Ice Elementalist began the quest for the Orb.
     0 | D:1      | Reached XP level 1. HP: 11/11 MP: 3/3
   112 | D:1      | Reached XP level 2. HP: 12/17 MP: 0/5
   637 | D:2      | Reached skill level 4 in Ice Magic
   679 | D:2      | Reached XP level 3. HP: 16/21 MP: 4/6
   962 | D:2      | Found a blossoming altar of Fedhas.
  1183 | D:2      | Reached XP level 4. HP: 27/27 MP: 7/7
  1467 | D:3      | Noticed Jessica
  1470 | D:3      | Killed Jessica
  1632 | D:2      | Learned a level 3 spell: Ozocubu's Armour
  1637 | D:2      | Learned a level 4 spell: Throw Icicle
  1804 | D:3      | Reached skill level 1 in Fighting
  1804 | D:3      | Reached XP level 5. HP: 4/34 MP: 0/9
  2250 | D:3      | Noticed Grinder
  2406 | D:3      | Noticed a hippogriff
  2413 | D:3      | Slain by a hippogriff

Skill      XL: |  1  2  3  4  5 |
---------------+----------------+-----
Ice Magic      | 4 |  4.0
Dodging        | 3 |  3.0
Spellcasting   | 3 |  3.0
Fighting       | 1 3 |  3.0
Stealth        | |  2.6
Conjurations   | |  1.0

Action                   |  1- 3 |  4- 6 || total
-------------------------+-------+-------++-------
Melee: Unarmed           |    14 |       ||    14
       Constrict         |     8 |     3 ||    11
       Tentacles         |     2 |     1 ||     3
       Dagger            |    17 |    21 ||    38
 Cast: Freeze            |    35 |    26 ||    61
       Ozocubu's Armour  |       |     1 ||     1
  Use: Scroll            |       |     3 ||     3
 Stab: Sleeping          |     7 |     6 ||    13
  Eat: Chunk             |     1 |     3 ||     4
Armor: Skin              |     8 |     2 ||    10
Dodge: Dodged            |    35 |    29 ||    64
